 Dungeon Crawl Stone Soup version 0.20.0-1-g1cb1d84 (webtiles) character file.

220 Gorglomux the Shooter (level 5, -7/47 HPs)
             Began as a Centaur Hunter on May 26, 2017.
             Killed by divine providence
             ... invoked by an orc priest
              (11 damage)
             ... on level 4 of the Dungeon.
             The game lasted 00:02:19 (2852 turns).

Gorglomux the Shooter (Centaur Hunter)              Turns: 2852, Time: 00:02:20

Health: -7/47      AC:  4    Str: 14    XL:     5   Next: 64%
Magic:  5/5        EV:  9    Int: 10    God:
Gold:   124        SH:  0    Dex: 11    Spells: 4/4 levels left

rFire    . . .     SeeInvis .   a - +1 shortbow
rCold    . . .     Gourm    .   (shield currently unavailable)
rNeg     . . .     Faith    .   c - +0 leather armour
rPois    +         Spirit   .   (no helmet)
rElec    .         Reflect  .   (no cloak)
rCorr    .         Harm     .   (no gloves)
MR       .....                  (no barding)
Stlth    +.........             (no amulet)
Regen    0.2/turn               o - ring of poison resistance
MPRegen  0.1/turn               (no ring)

@: very quick
A: hooves 3, deformed body, speed 2, tough skin 3
a: no special abilities


You were on level 4 of the Dungeon.
You were not hungry.

You visited 1 branch of the dungeon, and saw 4 of its levels.

You collected 124 gold pieces.

Inventory:

Hand Weapons
 a - a +1 shortbow (weapon)
 b - a +0 hunting sling of velocity
 F - a +0 short sword
Missiles
 d - 56 arrows (quivered)
 G - 97 stones
Armour
 c - a +0 leather armour (worn)
Jewellery
 o - a ring of poison resistance (left hand)
 E - an uncursed amulet of harm {unknown}
 Q - an uncursed ring of protection from fire {unknown}
 R - an uncursed ring of see invisible {unknown}
Wands
 I - a wand of iceblast (6/15)
Scrolls
 i - 2 scrolls of enchant weapon {unknown}
 B - 2 scrolls of identify {unknown}
 C - a scroll of teleportation {unknown}
 D - a scroll of noise {unknown}
 H - 2 scrolls of recharging {unknown}
 K - 2 scrolls of blinking {unknown}
 P - a scroll of remove curse {unknown}
Potions
 g - 2 potions of berserk rage {unknown}
 A - 2 potions of flight {unknown}
 J - a potion of ambrosia {unknown}
 L - a potion of mutation {unknown}
 N - a potion of magic {unknown}
 O - a potion of resistance {unknown}
Comestibles
 f - 2 bread rations
 z - a meat ration


   Skills:
 + Level 4.4 Fighting
 + Level 7.4 Bows
 - Level 1.3 Dodging
 - Level 0.4 Stealth


You had 4 spell levels left.
You didn't know any spells.

Dungeon Overview and Level Annotations

Branches:
Dungeon (4/15)
 Temple: D:4-7

Altars:
Gozag
Ru
Trog


Innate Abilities, Weirdness & Mutations

You have hooves in place of feet.
Armour fits poorly on your strangely shaped body.
You cover ground very quickly.
You have extremely tough skin. (AC +3)


Message History

Press: ? - help, Shift-Dir - straight line, f/p - orc priest
Aim: an orc priest, wielding a trident and wearing a chain mail (moderately wounded)
You shoot an arrow. The arrow barely misses the orc priest.
The orc priest invokes the aid of Beogh against you.
Pain shoots through your body!
* * * LOW HITPOINT WARNING * * *
Firing (i - inventory. (,) - cycle):
d - 58 arrows (quivered)
Press: ? - help, Shift-Dir - straight line, f/p - orc priest
Aim: an orc priest, wielding a trident and wearing a chain mail (moderately wounded)
You shoot an arrow.
The arrow hits the orc priest but does no damage.
The orc priest is moderately wounded.
Firing (i - inventory. (,) - cycle):
d - 57 arrows (quivered)
Press: ? - help, Shift-Dir - straight line, f/p - orc priest
Aim: an orc priest, wielding a trident and wearing a chain mail (moderately wounded)
You shoot an arrow. The arrow hits the orc priest.
The orc priest is heavily wounded.
The orc priest calls down the wrath of Beogh upon you.
Beogh smites you!
You die...

##...##..(................
.#(..
#...(................
##(..
#....................
.#...
#.................... .#
##.....o.............
.#...#
##....o.............
##...## ##...o....)......#
.#....## ##.............##
.#.....## #.....@.....###
.#......#########รท.####
##.......# ##..##
.#.......## ##..##
..........####..##
........##..#..##
........###....##
.......## ##....# .......#
#.......#


You could see an orc priest, an orc wizard and an orc.

Vanquished Creatures
  A bullfrog (D:3)
  A centaur skeleton (D:4)
  A hound skeleton (D:4)
  5 adders
  3 worms
  2 dart slugs
  4 leopard geckos
  6 orcs
  2 bats
  2 giant cockroaches
  8 goblins
  A hobgoblin (D:1)
  5 jackals
  A ball python (D:2)
  2 frilled lizards
  7 kobolds
  6 rats
57 creatures vanquished.

Notes
Turn   | Place    | Note
-------+----------+-------------------------------------------
     0 | D:1      | Gorglomux the Centaur Hunter began the quest for the Orb.
     0 | D:1      | Reached XP level 1. HP: 17/17 MP: 1/1
   301 | D:1      | Reached XP level 2. HP: 24/25 MP: 2/2
   536 | D:1      | You fall through a shaft!
   602 | D:2      | Found a sacrificial altar of Ru.
   610 | D:2      | Found a bloodstained altar of Trog.
   914 | D:2      | Reached XP level 3. HP: 29/30 MP: 3/3
  1083 | D:2      | Reached skill level 3 in Fighting
  1185 | D:2      | Reached skill level 6 in Bows
  1535 | D:3      | Reached XP level 4. HP: 38/38 MP: 4/4
  1798 | D:3      | Found an opulent altar of Gozag.
  2084 | D:3      | Noticed a bullfrog
  2091 | D:3      | Killed a bullfrog
  2091 | D:3      | Reached skill level 7 in Bows
  2091 | D:3      | Reached XP level 5. HP: 44/46 MP: 5/5
  2852 | D:4      | Killed from afar by an orc priest

Skill      XL: |  1  2  3  4 |
---------------+-------------+-----
Fighting       | 3 4 |  4.4
Bows           | 6 7 |  7.4
Dodging        | |  1.3
Stealth        | |  0.4

Action                   |  1- 3 |  4- 6 || total
-------------------------+-------+-------++-------
Melee: Short sword       |    44 |       ||    44
       Kick              |     9 |       ||     9
 Fire: Shortbow          |    15 |    14 ||    29
       Hunting sling     |    58 |    80 ||   138
Throw: Stone             |       |     5 ||     5
  Eat: Chunk             |     1 |     3 ||     4
Armor: Leather armour    |    28 |    15 ||    43
Dodge: Dodged            |    45 |    22 ||    67
